Map: Simulacro LE

Players

tCheLo

  • Race: Protoss Protoss
  • League: Diamond
  • Spawn Location: 11:00

LowLinK - Winner!

  • Race: Protoss Protoss
  • League: Diamond
  • Spawn Location: 5:00

VOD

Have the link to the VOD?

Description

Time

  • Played on: Feb. 20, 2020, 12:11 p.m.
  • Length: 4:57
Show
View Real Time Build Order
Export as new Build Order

tCheLo Protoss 

Build Orders:  

Get SALT Encoding   

  12  0:01  Probe  
  13  0:15  Pylon  
  13  0:19  Probe (Chrono Boost)  
  14  0:32  Probe (Chrono Boost)  
  15  0:36  Assimilator  
  15  0:40  Probe (Chrono Boost)  
  16  0:46  Probe  
  17  0:50  Gateway  
  17  0:58  Probe  
  17  1:02  Pylon  
  18  1:15  Probe (Chrono Boost)  
  20  1:27  Probe (Chrono Boost)  
  20  1:30  Assimilator  
  20  1:32  Probe (Chrono Boost)  
  20  1:36  Pylon  
  21  1:42  Probe, Cybernetics Core  
  22  1:54  Probe  
  23  2:06  Probe (Chrono Boost)  
  25  2:16  Probe (Chrono Boost)  
  25  2:18  Warp Gate  
  25  2:19  Pylon  
  25  2:20  Robotics Facility  
  25  2:21  Probe (Chrono Boost)  
  25  2:22  Adept  
  28  2:32  Probe  
  29  2:42  Gateway  
  29  2:43  Gateway  
  29  2:48  Probe  
  30  3:00  Probe  
  31  3:05  Shield Battery  
  31  3:12  Probe, Immortal  
  36  3:23  Pylon  
  36  3:26  Probe  
  37  3:41  Probe, Stalker (Chrono Boost)  
  42  3:43  Stalker (Chrono Boost)  
  42  4:01  Probe  
  43  4:14  Stalker x2  
  43  4:15  Stalker  
  41  4:45  Pylon  
  41  4:46  Pylon  
  41  4:49  Pylon  
Show
View Real Time Build Order
Export as new Build Order

LowLinK Protoss - Winner!

Build Orders:  

Get SALT Encoding   

  12  0:01  Probe  
  13  0:13  Probe  
  14  0:17  Pylon  
  14  0:25  Probe  
  15  0:35  Gateway  
  15  0:37  Probe (Chrono Boost)  
  16  0:47  Probe (Chrono Boost), Assimilator  
  17  0:52  Probe (Chrono Boost)  
  17  0:56  Assimilator  
  19  1:04  Probe  
  19  1:16  Probe  
  20  1:30  Cybernetics Core  
  20  1:32  Pylon  
  20  1:38  Probe  
  21  1:41  Zealot  
  23  1:53  Gateway  
  23  1:55  Gateway  
  23  2:00  Gateway  
  23  2:02  Warp Gate (Chrono Boost)  
  23  2:05  Probe  
  24  2:20  Gateway  
  24  2:32  Probe  
  24  2:35  Stalker  
  27  2:48  Pylon  
  27  2:58  Pylon  
  27  3:08  Gateway  
  27  3:14  Pylon  
  27  3:38  Stalker x4  
  35  3:58  Stalker  
  34  4:18  Stalker x5  
  42  4:40  Stalker  
  42  4:41  Stalker x2  
  48  4:52  Stalker  
Tags
 
Add a new tag
Caveats
  • Supply blocks, unpowered buildings, or Contaminate may cause inaccurate times.
  • Supply counts are checked every 10 seconds.